 Dungeon Crawl Stone Soup version 0.27-a0-819-g058290f16d (webtiles) character file.

Game seed: 13622454315985357249

25 polve the Slasher (level 2, -1/24 HPs)
             Began as a Demonspawn Abyssal Knight on Mar 29, 2021.
             Was a Follower of Lugonu.
             Slain by Jessica
             ... wielding a +2 dagger of speed
              (6 damage)
             ... on level 2 of the Dungeon.
             The game lasted 00:00:51 (1672 turns).

polve the Slasher (Demonspawn Abyssal Knight)       Turns: 1672, Time: 00:00:52

Health: -1/24      AC:  3    Str: 12    XL:     2   Next: 82%
Magic:  3/3        EV: 11    Int: 13    God:    Lugonu [*.....]
Gold:   37         SH:  0    Dex: 12    Spells: 1/1 levels left

rFire    . . .     SeeInvis .   a - +1 falchion
rCold    . . .     Faith    .   (no shield)
rNeg     . . .     Spirit   .   b - +0 leather armour
rPois    .         Reflect  .   (helmet restricted)
rElec    .         Harm     .   (no cloak)
rCorr    .         Rampage  .   (no gloves)
Will     .....                  (no boots)
Stlth    +.........             (no amulet)
HPRegen  0.08/turn              (no ring)
MPRegen  0.08/turn              (no ring)

@: slowed, very slow
A: antennae 1
a: Renounce Religion, Depart the Abyss


You were on level 2 of the Dungeon.
You worshipped Lugonu.
Lugonu was aware of your devotion.
You visited 1 branch of the dungeon, and saw 2 of its levels.
You visited the Abyss 1 time.

You collected 37 gold pieces.

Inventory:

Hand Weapons
 a - a +1 falchion (weapon)
Armour
 b - a +0 leather armour (worn)
 h - a +0 pair of boots
Jewellery
 d - a ring of poison resistance
Scrolls
 c - a scroll of fear {unknown}
 e - a scroll of brand weapon {unknown}
 f - 2 scrolls of identify {unknown}
Potions
 g - a potion of invisibility {unknown}


   Skills:
 - Level 3.0 Fighting
 + Level 3.1 Long Blades
 - Level 1.7 Armour
 - Level 0.8 Dodging
 - Level 2.4 Invocations


You had one spell level left.
You didn't know any spells.
Your spell library was empty.

Dungeon Overview and Level Annotations

Branches:
Dungeon (2/15)

Altars:

Annotations:
D:2 Jessica


Innate Abilities, Weirdness & Mutations

You have a pair of small antennae on your head.


Message History

There are monsters nearby!
Jessica gestures wildly while chanting.
Jessica blinks!
You slash the quokka!
You kill the quokka!
Lugonu accepts your kill.
Jessica mumbles some strange words.
Jessica blinks!
Jessica points at you and mumbles some strange words.
You feel yourself slow down.
You hit Jessica.
Jessica is moderately wounded.
Jessica hits you with a +2 dagger of speed.
Jessica shouts, "Stop bothering me, or I'll kill you!"
Jessica barely misses you.
You hit Jessica.
Jessica is severely wounded.
Jessica says, "I'm really upset."
Jessica drinks a potion.
Jessica is healed!
Jessica hits you with a +2 dagger of speed.
You barely miss Jessica. Jessica barely misses you.
Jessica hits you with a +2 dagger of speed. x2
You are too injured to fight recklessly!
You are too injured to fight recklessly!
You are too injured to fight recklessly!
You are too injured to fight recklessly!
Jessica is nearby!
You barely miss Jessica. Jessica barely misses you.
You riposte.
You hit Jessica.
Jessica is moderately wounded.
Jessica hits you with a +2 dagger of speed.
Jessica barely misses you.
You hit Jessica.
Jessica is moderately wounded.
Jessica shouts, "You're disturbing me!
I'll have to kill you!"
Jessica hits you with a +2 dagger of speed.
* * * LOW HITPOINT WARNING * * *
Jessica looks very angry.
Jessica hits you with a +2 dagger of speed.
You die...

#.#.....###.###..##.#.#.#..##.#
.....#.## ##.. #.#.#.#..##.#
#.##.#... ....##.#.#.#..##.#
... ...... ..............##.#
..# ##. .. .................#
.#####..########.# ##...##..##
#.# #..@..#...# #.#
#..@.?#...## #.# #!....#....#
#.# . ##...##..#.# #.#
....##'##..##.# #.#
#.......###.#####.#
.....................#
..........####.#.#####
..........####.#.##
..................#


You could see Jessica.

Vanquished Creatures
  A worm (D:2)
  2 endoplasms (D:1)
  2 goblins (D:1)
  3 hobgoblins (D:1)
  2 kobolds (D:1)
  2 quokkas
  6 bats
  2 frilled lizards (D:1)
  A rat (D:1)
21 creatures vanquished.

Notes
Turn   | Place    | Note
-------+----------+-------------------------------------------
     0 | Abyss:1  | polve the Demonspawn Abyssal Knight began the quest for the
                  | Orb.
     0 | Abyss:1  | Reached XP level 1. HP: 18/18 MP: 2/2
    80 | Abyss:1  | Noticed a large abomination
   108 | Abyss:1  | Noticed an ancient zyme
   116 | Abyss:1  | Noticed a worldbinder
   118 | D:1      | Escaped the Abyss
   312 | D:1      | Reached * piety under Lugonu
   442 | D:1      | Gained mutation: You have a pair of small antennae on your
                  | head. [demonic ancestry]
   442 | D:1      | Reached XP level 2. HP: 24/24 MP: 3/3
  1662 | D:2      | Noticed Jessica
  1672 | D:2      | Slain by Jessica

Illustrated notes

Levels and vault maps discovered:
D:1:      elethiomel_arrival_infinity_welcomes_careful_drivers,
          layout_loops_ring
D:2:      layout_basic, serial_shops, nicolae_shop_window_shopping,
          interstate_on_off, chequers_serial_rivers_room_b, amethyst_killhole,
          grunt_decor_resistance, kennysheep_jessica_study

Skill      XL: |  1  2 |
---------------+-------+-----
Long Blades    | 2 3 |  3.1
Fighting       | |  3.0
Armour         | |  1.7
Dodging        | |  0.8
Invocations    | |  2.4

Action                   || total
-------------------------++-------
Melee: Falchion          ||    62
Invok: Depart the Abyss  ||     1
 Stab: Sleeping          ||     1
Armor: Leather armour    ||    19
Dodge: Dodged            ||    51
       Rpst.: Falchion   ||    13

Table legend: (Time is in decaauts)
 A = Elapsed time spent in this place.
 B = Non-inter-level travel time spent in this place.
 C = Inter-level travel time spent in this place.
 D = Time resting spent in this place.
 E = Time spent auto-exploring this place.
 F = Levels seen in this place.
 G = Mean time per level.
                   A        B        C        D        E       F      G
               +--------+--------+--------+--------+--------+-----+--------+
         Total |   1684 |   1655 |     29 |      0 |   1444 |   3 |  561.3 |
       Dungeon |   1566 |   1537 |     29 |      0 |   1361 |   2 |  783.0 |
         Abyss |    118 |    118 |      0 |      0 |     83 |   1 |  118.0 |
               +--------+--------+--------+--------+--------+-----+--------+

Top non-repeatable levels by time:
     D:1: 1210 daAuts
     D:2: 356 daAuts
 Abyss:1: 118 daAuts
